 Dungeon Crawl Stone Soup version 0.29-a0-323-g050149af67 (webtiles) character file.

Game seed: 6412832789013764634

27239 kae the Zephyrmancer (level 13, -6/137 HPs)
             Began as an Ogre Air Elementalist on Apr 10, 2022.
             Was an Initiate of Gozag.
             Mangled by a cane toad (14 damage)
             ... on level 2 of the Lair of Beasts.
             The game lasted 00:22:11 (31865 turns).

kae the Zephyrmancer (Ogre Air Elementalist)       Turns: 31865, Time: 00:22:12

Health: -6/137     AC: 13    Str: 12    XL:     13   Next: 31%
Magic:  1/27       EV: 10    Int: 35    God:    Gozag
Gold:   2184       SH:  5    Dex:  6    Spells: 23/33 levels left

rFire   . . .      SeeInvis .   l - +3 falchion (vorpal)
rCold   . . .      Faith    .   (no shield)
rNeg    . . .      Spirit   .   z - +0 acid dragon scales
rPois   .          Reflect  +   c - +3 hat of the Valley {rCorr Str-3 Int+9 Dex-3}
rElec   .          Harm     .   A - +2 cloak {Will+}
rCorr   +          Rampage  .   (gloves unavailable)
Will    +++..                   (boots unavailable)
Stlth   +.........              q - amulet of reflection
HPRegen 0.32/turn               m - ring of willpower
MPRegen 0.20/turn               p - +6 ring of intelligence

@: lethally poisoned (-6 -> -31)
A: large, unfitting armour, tough skin 1
a: Renounce Religion, Potion Petition, Call Merchant, Bribe Branch


You were on level 2 of the Lair of Beasts.
You worshipped Gozag.
Gozag was most pleased with you.
You visited 3 branches of the dungeon, and saw 14 of its levels.
You also visited: Bailey.

You collected 2325 gold pieces.
You paid 141 gold pieces to Gozag.

Inventory:

Hand Weapons
 l - a +3 vorpal falchion (weapon)
 t - a +2 whip of electrocution
Missiles
 y - 3 throwing nets
Armour
 c - the +3 hat of the Valley (worn) {rCorr Str-3 Int+9 Dex-3}
   (You acquired it on level 1 of the Dungeon)

   Str:       It affects your strength (-3).
   Int:       It affects your intelligence (+9).
   Dex:       It affects your dexterity (-3).
   rCorr:     It protects you from acid and corrosion.
 r - a +2 robe of willpower
 z - +0 acid dragon scales (worn)
 A - a +2 cloak of willpower (worn)
Jewellery
 m - a ring of willpower (left hand)
 p - a +6 ring of intelligence (right hand)
 q - an amulet of reflection (around neck)
 w - a ring of positive energy
 E - a ring of willpower
 F - the amulet of Dulaval {-Tele rC+++ Regen+ Str+2 Dex+2}
   (You found it on level 2 of the Lair of Beasts)

   [amulet of regeneration]

   Str:       It affects your strength (+2).
   Dex:       It affects your dexterity (+2).
   rC:        It renders you almost immune to cold.
   -Tele:     It prevents most forms of teleportation.
   Regen:     It increases your rate of health regeneration.
Wands
 a - a wand of iceblast (10)
 d - a wand of digging (7)
 o - a wand of polymorph (5)
 v - a wand of paralysis (22)
 x - a wand of flame (6)
 C - a wand of mindburst (1)
Scrolls
 i - 2 scrolls of enchant armour
 k - 3 scrolls of noise
 s - a scroll of fog
 D - 3 scrolls of identify
 G - 2 scrolls of blinking
Potions
 b - 3 potions of magic
 e - 8 potions of brilliance
 f - 2 potions of lignification
 g - 5 potions of resistance
 h - 2 potions of flight
 j - a potion of degeneration
 n - a potion of mutation
 u - 3 potions of might
 B - a potion of curing


   Skills:
 + Level 11.5 Fighting
 + Level 8.2 Dodging
 - Level 1.4 Stealth
 + Level 10.5 Spellcasting
 + Level 8.6 Conjurations
 * Level 12.5 Air Magic


You had 23 spell levels left.
You knew the following spells:

 Your Spells              Type           Power      Damage    Failure   Level
a - Shock                 Conj/Air       100%       1d9       1%          1
b - Static Discharge      Conj/Air       75%        N/A       1%          2
c - Swiftness             Air            82%        N/A       1%          3
d - Airstrike             Air            41%        N/A       1%          4

Your spell library contained the following spells:

 Spells                   Type           Power      Damage    Failure   Level
 Corpse Rot               Necr/Air       100%       N/A       1%          2
 Poisonous Vapours        Pois/Air       100%       N/A       1%          2
 Conjure Flame            Conj/Fire      48%        6-21      1%          3
 Dazzling Flash           Conj/Hex       96%        N/A       1%          3
 Freeze                   Ice            72%        1d9       3%          1
 Sublimation of Blood     Necr           18%        N/A       5%          2
 Wereblood                Tmut           18%        N/A       5%          2
 Hailstorm                Conj/Ice       48%        3d11      6%          4
 Sticky Flame             Conj/Fire      48%        2d7       6%          4
 Silence                  Hex/Air        29%        N/A       8%          5
 Frozen Ramparts          Ice            36%        1d5       11%         3
 Ignite Poison            Fire/Tmut/Pois 18%        N/A       11%         3
 Tukima's Dance           Hex            18%        N/A       11%         3
 Passage of Golubria      Tloc           18%        N/A       34%         4
 Agony                    Necr           18%        N/A       69%         5
 Yara's Violent Unravell  Hex/Tmut       9%         3d6       69%         5
 Summon Hydra             Summ           9%         N/A       100%        7


Dungeon Overview and Level Annotations

Branches:
Dungeon (11/15)            Temple (1/1) D:5            Lair (2/6) D:11
    Orc (0/2) D:11         Bailey (visited)
  Swamp: Lair:2-4    Shoals: Lair:2-4     Snake: Lair:2-4    Spider: Lair:2-4

Altars:
Ashenzari
Cheibriados
Dithmenos
Elyvilon
Fedhas
Gozag
Hepliaklqana
Kikubaaqudgha
Makhleb
Nemelex Xobeh
Okawaru
Qazlal
Ru
Sif Muna
Trog
Uskayaw
Vehumet
Wu Jian
Xom
Yredelemnul
Zin
The Shining One

Shops:
D:8 =

Annotations:
D:2 Terence
D:5 1 runed translucent door, kae's ghost, novice TeFE
D:8 Gastronok
Lair:2 3 runed translucent doors, kae's ghost, journeyman OgAE


Innate Abilities, Weirdness & Mutations

You are too large for most types of armour.
You have tough skin. (AC +1)


Message History

Casting: Shock (safe; 1% risk of failure)
Confirm with . or Enter, or press ? or * to list all spells.
Aiming: Shock (safe; 1% risk of failure)
Press: ? - help, Shift-Dir - straight line, f/p - cane toad
Aim: a cane toad (severely wounded, 77% to hit)
The zap misses the cane toad.
The cane toad stings you.
A komodo dragon comes into view.
The cane toad stings you!
There are monsters nearby!
There are monsters nearby!
You are too injured to fight recklessly!
You are too injured to fight recklessly!
There are monsters nearby!
You are too injured to fight recklessly!
You are too injured to fight recklessly!
There are monsters nearby!
You hit the cane toad but do no damage.
The cane toad is severely wounded.
The cane toad stings you!
You are poisoned.
The cane toad poisons you!
You closely miss the cane toad.
The cane toad is severely wounded.
You feel extremely sick. The cane toad barely misses you.
The cane toad stings you!
* * * LOW HITPOINT WARNING * * *
You barely miss the cane toad.
The cane toad is severely wounded.
You feel very sick.
The cane toad stings you but does no damage.
Okay, then.
The cane toad attacks as you move away! The cane toad stings you!
* * * LOW HITPOINT WARNING * * *
You are lethally poisoned!
The cane toad poisons you!
* * * LOW HITPOINT WARNING * * *
You feel extremely sick. The cane toad stings you!
You die...
Your body crumbles into a pile of gold.

.........#.[.....#...#...
.........# #.....##.....#
.........###......###.#..
..............##...##....
..............###...#....
.....l...#....###..##....
.........###..##...##..##
.........F.# ...##...##..##
.........$@##....##..##...#
............#....##..##...#
....!.....................#
.........$................#
..............#########...#
..............#...DDD.#...#
..............#..(!D.D#..#.
..............#.#..D#Y#....
..............#..#.#.W#....


You could see a komodo dragon and a cane toad.

Vanquished Creatures
  2 hydras
  3 two-headed ogres
  Erica (D:8)
  A fire crab (Lair:2)
  Amaemon (D:7)
  A cyclops (D:11)
  4 elephants
  A black mamba (Lair:2)
  7 cane toads
  Joseph (D:8)
  A gargoyle (Bailey)
  An orange demon (D:8)
  Maggie (D:7)
  A rime drake (Lair:2)
  6 komodo dragons
  4 trolls
  3 blink frogs (Lair:1)
  4 centaur simulacra (D:10)
  A water elemental (D:11)
  28 yaks
  A vampire (Bailey)
  8 wyverns
  5 humans (D:8)
  An acid dragon (D:10)
  3 water moccasins
  4 orc warriors
  3 ice beasts (D:10)
  3 sky beasts
  4 black bears
  2 ogres
  2 centaurs
  A phantom (D:7)
  7 wolves
  2 gnoll sergeants
  11 bullfrogs
  2 scorpions
  13 wights
  11 killer bees
  6 electric eels
  8 howler monkeys
  6 wolf zombies (Bailey)
  8 vampire bats
  A lava snake (D:7)
  3 gnoll shamans
  4 hounds
  2 jellies
  6 orc priests
  Crazy Yiuf (D:7)
  2 iguanas (D:6)
  Natasha (thrice) (D:4)
  12 orc wizards
  25 gnolls
  4 adders
  3 shadow imps
  2 white imps
  A howler monkey simulacrum (D:10)
  3 ufetubi
  3 worms
  2 dart slugs
  41 orcs
  7 ball pythons
  A bat skeleton (D:4)
  3 bat zombies (D:4)
  7 endoplasms
  5 giant cockroaches
  8 hobgoblins
  10 jackals
  4 quokkas
  2 bats (D:2)
  2 frilled lizards
  12 goblins
  4 kobolds
  22 orc zombies (Bailey)
  A rat (D:2)
389 creatures vanquished.

Vanquished Creatures (collateral kills)
  An iguana (D:5)
1 creature vanquished.

Vanquished Creatures (others)
  8 fungi
  8 plants
16 creatures vanquished.

Grand Total: 406 creatures vanquished

Notes
Turn   | Place    | Note
-------+----------+-------------------------------------------
     0 | D:1      | kae the Ogre Air Elementalist began the quest for the Orb.
     0 | D:1      | Reached XP level 1. HP: 16/16 MP: 3/3
   200 | D:1      | Reached skill level 1 in Conjurations
   354 | D:1      | Reached XP level 2. HP: 20/24 MP: 2/5
   355 | D:1      | Reached skill level 3 in Air Magic
   874 | D:1      | Reached XP level 3. HP: 28/31 MP: 4/7
   877 | D:1      | Learned a level 2 spell: Static Discharge
   881 | D:1      | Learned a level 3 spell: Swiftness
  1177 | D:1      | Found a faded altar of an unknown god.
  1220 | D:1      | Identified a scroll of acquirement
  1220 | D:1      | Acquired the +3 hat of the Valley {rCorr Str-3 Int+9 Dex-3}
  1683 | D:2      | Noticed Terence
  2128 | D:3      | Noticed an orc warrior
  2288 | D:3      | Reached XP level 4. HP: 39/39 MP: 4/8
  4004 | D:3      | Killed an orc warrior
  4005 | D:3      | Reached skill level 4 in Air Magic
  4005 | D:3      | Reached XP level 5. HP: 37/45 MP: 1/10
  4295 | D:3      | Learned a level 4 spell: Airstrike
  4467 | D:4      | Found an ancient bone altar of Kikubaaqudgha.
  4475 | D:4      | Reached XP level 6. HP: 43/53 MP: 6/12
  4938 | D:4      | Reached skill level 5 in Air Magic
  5227 | D:4      | Reached skill level 1 in Fighting
  5227 | D:4      | Reached XP level 7. HP: 47/62 MP: 0/13
  5719 | D:4      | Noticed Natasha
  5729 | D:4      | Killed Natasha
  6645 | D:4      | Found an ancient bone altar of Kikubaaqudgha.
  6762 | D:4      | Noticed Natasha
  6763 | D:4      | Killed Natasha
  6927 | D:4      | Found an ancient bone altar of Kikubaaqudgha.
  7062 | D:4      | Noticed Natasha
  7064 | D:4      | Killed Natasha
  7723 | D:5      | Entered Level 5 of the Dungeon
  7723 | D:5      | Found a runed translucent door.
  7730 | D:5      | Noticed kae's ghost (novice TeFE)
  8483 | D:5      | Found a staircase to the Ecumenical Temple.
  8494 | D:5      | Reached XP level 8. HP: 74/74 MP: 12/15
  8501 | Temple   | Entered the Ecumenical Temple
  8584 | D:5      | Found a shimmering blue altar of Sif Muna.
  8679 | D:5      | Reached skill level 5 in Spellcasting
  8755 | D:5      | Reached skill level 6 in Air Magic
  9289 | D:5      | Found a hazy altar of Hepliaklqana.
  9424 | D:6      | Noticed a troll
 10196 | D:6      | Killed a troll
 10197 | D:6      | Reached skill level 7 in Air Magic
 10197 | D:6      | Reached XP level 9. HP: 69/87 MP: 0/17
 10324 | D:6      | Reached skill level 5 in Fighting
 11227 | D:7      | Found a flagged portal.
 11345 | Bailey   | Entered a bailey
 11987 | Bailey   | Noticed a gargoyle
 11991 | Bailey   | Killed a gargoyle
 12099 | Bailey   | Reached skill level 5 in Conjurations
 12259 | Bailey   | Reached skill level 8 in Air Magic
 13090 | D:7      | Reached XP level 10. HP: 39/100 MP: 13/20
 13941 | D:7      | Reached skill level 5 in Dodging
 13997 | D:7      | Found a runed translucent door.
 13998 | D:7      | Noticed Crazy Yiuf
 14795 | D:7      | Noticed Maggie
 14802 | D:7      | Killed Maggie
 15145 | D:7      | Killed Crazy Yiuf
 15419 | D:8      | Reached skill level 9 in Air Magic
 15882 | D:8      | Noticed Gastronok
 16037 | D:8      | Noticed Erica
 16065 | D:8      | Noticed Joseph
 16409 | D:8      | Noticed Amaemon
 16412 | D:8      | Noticed an orange demon
 16427 | D:7      | Killed Amaemon
 16438 | D:7      | HP: 5/104 [poisoned by Amaemon]
 17297 | D:8      | Killed an orange demon
 17572 | D:7      | Reached XP level 11. HP: 95/111 MP: 17/22
 17833 | D:8      | Killed Erica
 18110 | D:8      | Killed Joseph
 18270 | D:8      | Found an opulent altar of Gozag.
 18357 | D:8      | Found Yfrer's Jewellery Boutique.
 18549 | D:8      | Found a sparkling altar of Nemelex Xobeh.
 18549 | D:8      | Found a burning altar of Makhleb.
 18556 | D:8      | Found a faded altar of an unknown god.
 18558 | D:8      | Found a faded altar of an unknown god.
 18560 | D:8      | Found a radiant altar of Vehumet.
 18636 | D:8      | Became a worshipper of Gozag Ym Sagoz the Greedy
 18673 | D:9      | Reached skill level 10 in Air Magic
 20677 | D:10     | Entered Level 10 of the Dungeon
 20926 | D:10     | Noticed a two-headed ogre
 20930 | D:10     | Killed a two-headed ogre
 22726 | D:10     | Reached XP level 12. HP: 120/126 MP: 15/25
 23703 | D:11     | Reached skill level 11 in Air Magic
 23917 | D:11     | Noticed Fannar
 24130 | D:11     | Reached skill level 10 in Fighting
 24274 | D:11     | Noticed a two-headed ogre
 24897 | D:11     | Killed a two-headed ogre
 25177 | D:11     | Noticed a two-headed ogre
 25181 | D:11     | Killed a two-headed ogre
 25882 | D:11     | Found a staircase to the Lair.
 26216 | D:11     | Found a staircase to the Orcish Mines.
 26418 | D:11     | Found a staircase to the Lair.
 26749 | Lair:1   | Entered Level 1 of the Lair of Beasts
 27807 | Lair:1   | Noticed a seven-headed hydra
 27812 | Lair:1   | Killed a seven-headed hydra
 28675 | D:11     | Reached skill level 10 in Spellcasting
 29572 | Lair:1   | Reached skill level 12 in Air Magic
 30041 | Lair:2   | Reached XP level 13. HP: 102/137 MP: 10/27
 30284 | Lair:2   | Found a runed translucent gate.
 30284 | Lair:2   | Found a runed translucent gate.
 30284 | Lair:2   | Noticed kae's ghost (journeyman OgAE)
 30286 | Lair:2   | Found a runed translucent gate.
 31620 | Lair:2   | Identified the amulet of Dulaval {-Tele rC+++ Regen+ Str+2
                  | Dex+2}
 31865 | Lair:2   | Mangled by a cane toad

Illustrated notes

Levels and vault maps discovered:
D:1:      dpeg_arrival_simpleton_c, layout_basic,
          shapermc_ecumenical_altar_pompeii
D:2:      layout_basic, uniq_terence
D:3:      layout_basic
D:4:      layout_loops_corners, kennysheep_vampire_church, minmay_ogre_servants,
          uniq_natasha
D:5:      layout_gridville, mainiacjoe_overflow_alcove_1, led_sif_book,
          minmay_temple_entry_glassed_door, ebering_ghost_sewer_d,
          item_on_display_a
D:6:      layout_basic, serial_glass, glass_columns_a, glass_columns_b
D:7:      layout_loops_ring, enter_bailey_8, minmay_misc_feat_nine_boxes,
          kennysheep_pointless_box, st_stairs_1, dreamdust_princess_corridor,
          uniq_maggie, uniq_crazy_yiuf_cottage
D:8:      layout_cave_pools, mainiacjoe_overflow_six_doors_small,
          chequers_temple_overflow_minitemple, serial_shops, shop_fountains,
          minmay_ruffians, uniq_erica, uniq_amaemon, uniq_gastronok, uniq_joseph
D:9:      layout_basic
D:10:     layout_layer_cave, serial_ice, serial_ice_f, serial_ice_i,
          serial_ice_b, serial_ice_n, serial_ice_a, serial_ice_h, serial_ice_m
D:11:     layout_basic, erik_lair_island, hiddenorc1_lemuel, uniq_fannar
Temple:   eino_wide_crystal_templ
Lair:1:   layout_gridlike
Lair:2:   cheibrodos_lair_river_kwai, layout_long_grid, gammafunk_ghost_split,
          grunt_megastairs_1, serial_bayou_shore_b

Skill      XL: |  1  2  3  4  5  6  7  8  9 10 11 12 13 |
---------------+----------------------------------------+-----
Conjurations   | 1 2 3 4 5 6 7 8 |  8.6
Air Magic      | 3 4 5 7 8 9 10 12 | 12.5
Spellcasting   | 3 4 5 6 7 9 10 | 10.5
Dodging        | 2 3 4 5 6 7 8 |  8.2
Fighting       | 1 2 4 6 8 9 11 | 11.5
Stealth        | |  1.4

Action                   |  1- 3 |  4- 6 |  7- 9 | 10-12 | 13-15 || total
-------------------------+-------+-------+-------+-------+-------++-------
Melee: Unarmed           |    40 |       |       |       |       ||    40
       Falchion          |       |     1 |   127 |   107 |     4 ||   239
       Punch             |       |       |       |     2 |       ||     2
 Cast: Shock             |    86 |   105 |   112 |   145 |    12 ||   460
       Swiftness         |       |     1 |       |     3 |       ||     4
       Static Discharge  |       |     4 |    43 |   133 |    42 ||   222
       Airstrike         |       |     3 |    54 |   210 |    25 ||   292
Evoke: Wand              |       |       |     2 |     4 |       ||     6
  Use: Scroll            |     5 |     2 |    10 |    11 |       ||    28
       Potion            |       |       |       |     5 |       ||     5
Armor: Robe              |    16 |    35 |   161 |   150 |       ||   362
       Acid dragon scale |       |       |       |    21 |    54 ||    75
Dodge: Dodged            |    32 |    42 |   170 |   221 |    35 ||   500
Block: Other             |       |       |       |     2 |    24 ||    26

Table legend: (Time is in decaauts)
 A = Elapsed time spent in this place.
 B = Non-inter-level travel time spent in this place.
 C = Inter-level travel time spent in this place.
 D = Time resting spent in this place.
 E = Time spent auto-exploring this place.
 F = Levels seen in this place.
 G = Mean time per level.
                   A        B        C        D        E       F      G
               +--------+--------+--------+--------+--------+-----+--------+
         Total |  31965 |  30744 |   1221 |   9039 |  18101 |  15 | 2131.0 |
       Dungeon |  26268 |  25144 |   1124 |   7964 |  14421 |  11 | 2388.0 |
        Temple |     63 |     55 |      8 |      0 |     43 |   1 |   63.0 |
          Lair |   4035 |   3946 |     89 |    781 |   2650 |   2 | 2017.5 |
        Bailey |   1597 |   1597 |      0 |    294 |    987 |   1 | 1597.0 |
               +--------+--------+--------+--------+--------+-----+--------+

Top non-repeatable levels by time:
     D:7: 3989 daAuts
    D:11: 3568 daAuts
    D:10: 3357 daAuts
     D:4: 3345 daAuts
  Lair:1: 2341 daAuts
     D:9: 2154 daAuts
     D:6: 2090 daAuts
     D:8: 1760 daAuts
     D:2: 1696 daAuts
  Lair:2: 1694 daAuts
     D:5: 1612 daAuts
  Bailey: 1597 daAuts
     D:3: 1449 daAuts
     D:1: 1243 daAuts
  Temple: 63 daAuts
